 Dungeon Crawl Stone Soup version 0.31-a0-631-g285b096dc4 (webtiles) character file.

Game seed: 13325402122063479682

12399 Dittersdorf the Fighter (level 11, -2/73 HPs)
             Began as a Gargoyle Fighter on Aug 25, 2023.
             Was an Initiate of Gozag.
             Slain by a blink frog (9 damage)
             ... on level 1 of the Lair of Beasts.
             The game lasted 00:15:28 (10118 turns).

Dittersdorf the Fighter (Gargoyle Fighter)         Turns: 10118, Time: 00:15:29

Health: -2/73      AC: 32    Str: 24    XL:     11   Next: 92%
Magic:  0/11       EV:  8    Int:  9    God:    Gozag
Gold:   1912       SH:  8    Dex: 15    Spells: 10/10 levels left

rFire   . . .        f - +4 eveningstar (protect)
rCold   . . .        c - +1 buckler
rNeg    + . .        z - +0 chain mail
rPois   ∞            A - +0 helmet
rElec   +            (no cloak)
rCorr   .            q - +0 pair of gloves
SInv    .            a - +1 pair of boots
Will    .....        y - amulet of guardian spirit
Stlth   x              - ring of wizardry
HPRegen 0.32/turn    D - +6 ring of dexterity
MPRegen 0.12/turn

%: guardian spirit, wizardry (x1)
@: gold aura, under a protective aura
A: sickness immunity, AC +8, negative energy resistance 1, electricity
resistance, torment resistance 1, petrification resistance
a: Renounce Religion, Potion Petition, Call Merchant, Bribe Branch


You were on level 1 of the Lair of Beasts.
You worshipped Gozag.
Gozag was most pleased with you.
You visited 3 branches of the dungeon, and saw 12 of its levels.
You also visited: Ossuary.

You collected 1983 gold pieces.
You paid 71 gold pieces to Gozag.

Inventory:

Hand Weapons
 f - a +4 eveningstar of protection (weapon)
Missiles
 v - a throwing net
 E - a curare-tipped dart (quivered)
Armour
 a - a +1 pair of boots (worn)
 c - a +1 buckler (worn)
 q - a +0 pair of gloves (worn)
 z - a +0 chain mail (worn)
 A - a +0 helmet (worn)
Jewellery
 m - the ring of Rujod {Ice Dex+2}
   (You found it on level 2 of the Dungeon)

   [ring of ice]

   Ice:       It enhances your ice magic.
   Dex+2:     It affects your dexterity (+2).
   rF-:       It makes you vulnerable to fire.
   rC+:       It protects you from cold.
 x - a ring of wizardry (left hand)
 y - an amulet of guardian spirit (around neck)
 D - a +6 ring of dexterity (right hand)
Wands
 b - a wand of digging (6)
 i - a wand of roots (11)
 C - a wand of flame (11)
Scrolls
 e - 4 scrolls of teleportation
 g - 3 scrolls of revelation
 j - 4 scrolls of enchant armour
 r - 2 scrolls of fear
 u - a scroll of brand weapon
 B - a scroll of fog
Potions
 d - 4 potions of might
 h - 4 potions of mutation
 k - a potion of enlightenment
 l - 2 potions of berserk rage
 n - 7 potions of curing
 s - 3 potions of brilliance
 t - a potion of haste {unknown}
 w - 2 potions of heal wounds


   Skills:
 + Level 10.8 Fighting
 + Level 9.7 Maces & Flails
 + Level 10.8 Armour
 + Level 10.8 Shields


You had 10 spell levels left.
You didn't know any spells.
Your spell library contained the following spells:

 Spells                   Type           Power      Damage    Failure   Level
 Kiss of Death            Conj/Necr      0%         2d5       56%         1
 Mephitic Cloud           Conj/Pois/Air  0%         N/A       89%         3
 Portal Projectile        Hex/Tloc       0%         N/A       89%         3
 Tukima's Dance           Hex            0%         N/A       89%         3
 Volatile Blastmotes      Fire/Tloc      0%         2d10      89%         3
 Animate Armour           Summ/Erth      0%         N/A       99%         4
 Fulminant Prism          Conj/Hex       0%         3d5       99%         4
 Iskenderun's Mystic Bla  Conj/Tloc      0%         2d3       99%         4
 Olgreb's Toxic Radiance  Pois           0%         N/A       99%         4
 Summon Lightning Spire   Summ/Air       0%         N/A       99%         4
 Alistair's Intoxication  Tmut/Pois      0%         N/A       100%        5
 Borgnjor's Vile Clutch   Necr/Erth      0%         N/A       100%        5
 Lee's Rapid Deconstruct  Erth           0%         3d4*      100%        5
 Eringya's Noxious Bog    Tmut/Pois      0%         4d6       100%        6
 Simulacrum               Ice/Necr       Unusable   N/A       N/A         6

Dungeon Overview and Level Annotations

Branches:
Dungeon (10/15)            Temple (1/1) D:5            Lair (1/5) D:8
Ossuary (visited)
    Orc: D:9-12

Altars:
Ashenzari
Cheibriados
Dithmenos
Elyvilon
Fedhas
Gozag
Hepliaklqana
Kikubaaqudgha
Makhleb
Nemelex Xobeh
Okawaru
Qazlal
Ru
Sif Muna
Trog
Uskayaw
Vehumet
Wu Jian
Xom
Yredelemnul
Zin
The Shining One

Annotations:
D:9 3 runed translucent doors, bahustanut's ghost, novice TrSh


Innate Abilities, Weirdness & Mutations

You are immune to sickness and miasma.
Your stone body is resilient. (AC +8)
You are immune to poison.
You resist negative energy. (rN+)
You are resistant to electric shocks. (rElec)
You are resistant to unholy torment.
You are immune to petrification.


Message History

The blink frog looks even sicker. x2; The blink frog hits you.
* * * LOW HITPOINT WARNING * * *
The blink frog is engulfed in poison gas.
The blink frog looks even sicker.
The blink frog blinks!
The blink frog is engulfed in poison gas.
The blink frog looks even sicker.
The blink frog is engulfed in poison gas.
The blink frog looks even sicker.
The blink frog blinks!
The blink frog is engulfed in poison gas.
The blink frog looks as sick as possible!
The blink frog hits you but does no damage.
The blink frog is engulfed in poison gas.
The blink frog looks even sicker.
The blink frog is engulfed in poison gas.
The blink frog looks as sick as possible! x2
The blink frog is engulfed in poison gas.
The blink frog looks as sick as possible!
The blink frog completely misses you.
The blink frog is engulfed in poison gas.
The blink frog looks as sick as possible!
You kill the blink frog!
The blink frog is engulfed in poison gas.
The blink frog looks as sick as possible!
The blink frog closely misses you.
The blink frog is engulfed in poison gas.
The blink frog looks as sick as possible! x2
The blink frog is engulfed in poison gas.
The blink frog looks as sick as possible!
The blink frog hits you!
* * * LOW HITPOINT WARNING * * *
The blink frog blinks!
You hit the blink frog.
Your weapon exudes an aura of protection.
The blink frog is moderately wounded.
You kill the blink frog!
The blink frog is engulfed in poison gas.
The blink frog looks as sick as possible!
The blink frog hits you!
You die...
Your body crumbles into a pile of gold.

##### ####§#P####### ######
#§§§§§.§§§§§§# #....>
#§.§☼§.§§§§§## #.....
#§§§§.§.§§§§# #.....
#§§§§§§§§§§☼# ##.....
#§§§§§☼§§§☼§#######......
#☼§§§☼§§@§.§§#P.#.#......
..§§F§§§§§F§§☼§...#.......
#.#####§§§§§☼§§§..###......
# #§§§§§§§§§..###......
##...........#.#..####
#.................#
#.........###.....#
####.......## ##..#.#
............###.....#


You could see 2 blink frogs.

Vanquished Creatures
  Gastronok (Lair:1)
  Erica (Lair:1)
  3 two-headed ogres (D:9)
  Sonja (D:8)
  A cane toad (Lair:1)
  2 komodo dragons
  3 hornets
  A polar bear (D:8)
  A troll (D:7)
  2 blink frogs (Lair:1)
  A vampire (D:9)
  11 yaks
  2 basilisks (Lair:1)
  A steam dragon (D:5)
  4 water moccasins
  A sky beast (D:8)
  2 black bears
  2 ice beasts (D:7)
  2 orc warriors
  An ogre (D:4)
  3 wolves (Lair:1)
  4 centaurs
  4 bullfrogs
  2 gnoll sergeants
  4 scorpions
  16 killer bees
  6 howler monkeys
  3 jellies
  A gnoll bouda (D:6)
  7 orc priests
  7 hounds (D:5)
  A human zombie (Ossuary)
  2 iguanas
  4 orc wizards
  3 mummies (Ossuary)
  12 gnolls
  10 adders
  A shadow imp (D:6)
  A white imp (D:6)
  An ufetubus (D:5)
  3 adder zombies (Ossuary)
  3 worms
  4 dart slugs
  25 orcs
  4 endoplasms
  A giant cockroach (D:3)
  4 goblins
  16 hobgoblins
  6 jackals
  7 quokkas
  5 ball pythons
  3 bats
  3 frilled lizards
  3 goblin zombies (Ossuary)
  3 hobgoblin zombies (Ossuary)
  6 kobolds
  4 kobold zombies (Ossuary)
  3 quokka zombies (Ossuary)
  8 rats
  A rat zombie (Ossuary)
247 creatures vanquished.

Vanquished Creatures (others)
  An orc wizard (D:9)
1 creature vanquished.

Grand Total: 248 creatures vanquished

Notes
Turn   | Place    | Note
-------+----------+-------------------------------------------
     0 | D:1      | Dittersdorf the Gargoyle Fighter began the quest for the
                  | Orb.
     0 | D:1      | Reached XP level 1. HP: 14/14 MP: 1/1
   156 | D:1      | Reached XP level 2. HP: 12/19 MP: 2/2
   550 | D:2      | Found a faded altar of an unknown god.
   565 | D:2      | Reached XP level 3. HP: 22/23 MP: 3/3
   708 | D:2      | Identified the +3 whip "Upeczyt" {flame, Fragile rPois rC++
                  | Str+2}
   716 | D:2      | Identified the ring of Rujod {Ice Dex+2}
   909 | D:2      | Found a shimmering blue altar of Sif Muna.
   996 | D:2      | Reached XP level 4. HP: 29/29 MP: 4/4
  1440 | D:3      | Noticed a black bear
  1440 | D:3      | Noticed a steam dragon
  1759 | D:3      | Found a glowing golden altar of the Shining One.
  2319 | D:4      | Found an ancient bone altar of Kikubaaqudgha.
  2434 | D:4      | Noticed an ogre
  2443 | D:4      | Killed an ogre
  2444 | D:4      | Reached XP level 5. HP: 27/34 MP: 5/5
  2499 | D:4      | Found an ornate altar of the Wu Jian Council.
  2578 | D:4      | Reached XP level 6. HP: 31/39 MP: 6/6
  3080 | D:5      | Entered Level 5 of the Dungeon
  3081 | D:5      | Identified a scroll of acquirement
  3081 | D:5      | Acquired a +1 eveningstar of flaming
  3125 | D:5      | Found a bloodstained altar of Trog.
  3167 | D:5      | Found a staircase to the Ecumenical Temple.
  3179 | Temple   | Entered the Ecumenical Temple
  3188 | Temple   | Became a worshipper of Gozag Ym Sagoz the Greedy
  3260 | D:5      | Reached skill level 5 in Shields
  3262 | D:5      | Found a sand-covered staircase.
  3267 | Ossuary  | Entered an ossuary
  3273 | Ossuary  | Reached skill level 5 in Fighting
  3277 | Ossuary  | Reached skill level 5 in Armour
  3378 | Ossuary  | Reached XP level 7. HP: 40/44 MP: 7/7
  3524 | D:5      | Noticed a steam dragon
  3530 | D:5      | Killed a steam dragon
  3940 | D:5      | Reached XP level 8. HP: 51/51 MP: 8/8
  4238 | D:5      | Reached skill level 5 in Maces & Flails
  4888 | D:6      | Got the Parchment of Tainted Gloom
  5186 | D:6      | Found a shimmering altar of Xom.
  5536 | D:7      | Reached XP level 9. HP: 49/57 MP: 7/9
  6599 | D:7      | Noticed a troll
  6605 | D:7      | Killed a troll
  6921 | D:8      | Noticed a komodo dragon
  6934 | D:8      | Killed a komodo dragon
  7009 | D:8      | Noticed a hornet
  7046 | D:8      | Killed a hornet
  7047 | D:8      | Reached XP level 10. HP: 51/64 MP: 7/10
  7293 | D:8      | Found a staircase to the Lair.
  7513 | D:9      | Noticed a two-headed ogre
  7519 | D:9      | Killed a two-headed ogre
  7617 | D:9      | Found a broken altar of Ashenzari.
  7751 | D:9      | Found a runed translucent gate.
  7751 | D:9      | Found a runed translucent gate.
  7752 | D:9      | Found a runed translucent gate.
  7752 | D:9      | Noticed a spectral centaur warrior
  7755 | D:9      | Noticed bahustanut's ghost (novice TrSh)
  7767 | D:9      | Noticed a two-headed ogre
  7778 | D:9      | Killed a two-headed ogre
  7821 | D:9      | Noticed a two-headed ogre
  7846 | D:9      | Killed a two-headed ogre
  8183 | D:9      | Reached XP level 11. HP: 72/72 MP: 11/11
  8186 | D:9      | Found an iron altar of Okawaru.
  8367 | D:10     | Entered Level 10 of the Dungeon
  8686 | D:9      | Reached skill level 10 in Fighting
  9403 | Lair:1   | Entered Level 1 of the Lair of Beasts
  9403 | Lair:1   | Noticed Erica
  9403 | Lair:1   | Noticed Sonja
  9411 | D:8      | Killed Sonja
  9412 | D:8      | Reached skill level 10 in Armour
  9412 | D:8      | Reached skill level 10 in Shields
  9496 | Lair:1   | Killed Erica
  9745 | Lair:1   | Noticed Gastronok
  9765 | Lair:1   | Killed Gastronok
 10118 | Lair:1   | Slain by a blink frog

Illustrated notes

Levels and vault maps discovered:
D:1:      dpeg_arrival_solitude, layout_rooms, minmay_misc_feat_enclosed,
          minmay_pentomino_t2
D:2:      layout_loops_ring, basic_altar, hellmonk_ecumenical_altar_arch_garden
D:3:      layout_basic, tso_altar, lightli_corner_chamber
D:4:      layout_basic, mainiacjoe_overflow_24_doors,
          mainiacjoe_overflow_six_doors_small
D:5:      layout_loops_corners, bloody_trog, minmay_temple_entry_mist,
          enter_ossuary_2, serial_park_tiny_pond, grunt_ministairs_10,
          minivault_11, grunt_decor_junction
D:6:      layout_basic, general_overflow_altar
D:7:      layout_gridville
D:8:      layout_cave_pools, dpeg_oklobed_lair, grunt_decor_fettered,
          minmay_chambers_of_fives
D:9:      layout_roguey, mainiacjoe_overflow_concentric_impassable,
          mainiacjoe_overflow_tiny_flanked, gammafunk_ghost_necromancy
D:10:     layout_cave_pools
Temple:   eino_wide_crystal_templ
Lair:1:   hellmonk_destroyed_diamonds, layout_small_grid, minivault_19,
          lemuel_fruit_fields, uniq_erica, uniq_gastronok, uniq_sonja

Skill      XL: |  1  2  3  4  5  6  7  8  9 10 11 |
---------------+----------------------------------+-----
Shields        | 4 5 6 8 9 10 | 10.8
Fighting       | 4 5 7 8 9 10 | 10.8
Armour         | 4 5 6 8 9 10 | 10.8
Maces & Flails | 3 4 5 7 8 9 |  9.7

Action                     |  1- 3 |  4- 6 |  7- 9 | 10-12 || total
---------------------------+-------+-------+-------+-------++-------
  Melee: Flail             |    90 |       |       |       ||    90
         Whip              |    32 |   103 |       |       ||   135
         Eveningstar       |       |    41 |   355 |   300 ||   696
  Throw: Dart              |       |     3 |       |    16 ||    19
    Use: Scroll            |       |    14 |     9 |     3 ||    26
         Potion            |       |       |     2 |       ||     2
   Stab: Distracted        |       |       |     1 |     2 ||     3
 Armour: Scale mail        |    54 |    80 |    58 |       ||   192
         Chain mail        |       |       |   375 |   239 ||   614
  Dodge: Dodged            |    50 |    58 |   259 |   105 ||   472
  Block: Buckler           |    19 |    34 |   180 |   110 ||   343

Table legend: (Time is in decaauts)
 A = Elapsed time spent in this place.
 B = Non-inter-level travel time spent in this place.
 C = Inter-level travel time spent in this place.
 D = Time resting spent in this place.
 E = Time spent auto-exploring this place.
 F = Levels seen in this place.
 G = Mean time per level.
                   A        B        C        D        E       F      G
               +--------+--------+--------+--------+--------+-----+--------+
         Total |  10291 |   9866 |    425 |    870 |   6607 |  13 |  791.6 |
       Dungeon |   9369 |   8961 |    408 |    748 |   6121 |  10 |  936.9 |
        Temple |     18 |      2 |     16 |      0 |      0 |   1 |   18.0 |
          Lair |    641 |    641 |      0 |    122 |    325 |   1 |  641.0 |
       Ossuary |    262 |    262 |      0 |      0 |    161 |   1 |  262.0 |
               +--------+--------+--------+--------+--------+-----+--------+

Top non-repeatable levels by time:
     D:7: 1588 daAuts
     D:5: 1168 daAuts
     D:9: 1027 daAuts
     D:3: 906 daAuts
    D:10: 852 daAuts
     D:4: 832 daAuts
     D:8: 813 daAuts
     D:6: 812 daAuts
     D:2: 771 daAuts
  Lair:1: 641 daAuts
     D:1: 595 daAuts
 Ossuary: 262 daAuts
  Temple: 18 daAuts
